Map: 자가나타 - 래더

Players

llllllllllll

  • Race: Protoss Protoss
  • League: Grandmaster
  • Spawn Location: 7:00

llllllllllll - Winner!

  • Race: Protoss Protoss
  • League: Master
  • Spawn Location: 1:00

VOD

Have the link to the VOD?

Description

Time

  • Played on: Nov. 5, 2020, 2:12 a.m.
  • Length: 11:09
Show
View Real Time Build Order
Export as new Build Order

llllllllllll Protoss 

Build Orders:  

Get SALT Encoding   

  12  0:00  Probe  
  13  0:12  Probe  
  14  0:18  Pylon  
  14  0:24  Probe  
  15  0:36  Probe (Chrono Boost)  
  15  0:38  Gateway  
  16  0:46  Probe (Chrono Boost)  
  16  0:49  Assimilator  
  17  0:51  Probe (Chrono Boost)  
  17  0:56  Assimilator  
  18  1:03  Probe (Chrono Boost)  
  20  1:12  Probe (Chrono Boost)  
  20  1:13  Gateway  
  20  1:17  Probe (Chrono Boost)  
  21  1:26  Cybernetics Core  
  21  1:29  Probe  
  22  1:36  Pylon  
  22  1:41  Probe  
  23  1:54  Probe  
  24  2:04  Warp Gate, Stalker x2  
  28  2:09  Probe  
  29  2:16  Pylon  
  29  2:40  Stalker x2  
  32  3:01  Nexus  
  32  3:05  Shield Battery  
  32  3:09  Pylon  
  32  3:13  Probe  
  32  3:15  Sentry x2  
  37  3:22  Shield Battery  
  37  3:26  Shield Battery  
  37  3:30  Pylon  
  37  3:34  Probe  
  38  3:46  Probe  
  39  3:55  Adept x2  
  43  4:03  Twilight Council  
  43  4:04  Probe  
  44  4:15  Gateway  
  44  4:21  Adept  
  44  4:22  Adept  
  48  4:28  Probe x2  
  50  4:36  Blink (Chrono Boost)  
  48  4:40  Probe  
  49  4:47  Probe  
  49  4:52  Probe  
  49  4:57  Adept  
  49  4:58  Adept  
  51  5:02  Probe  
  51  5:04  Probe  
  47  5:23  Probe x2 (Chrono Boost)  
  49  5:33  Stalker x2  
  49  5:35  Probe x2 (Chrono Boost)  
  55  5:41  Probe x2 (Chrono Boost)  
  56  5:49  Probe x2  
  57  5:51  Robotics Facility  
  57  6:01  Probe x2  
  57  6:02  Forge  
  57  6:03  Sentry  
  61  6:13  Probe  
  61  6:14  Probe  
  59  6:20  Sentry  
  59  6:25  Probe  
  58  6:26  Probe  
  58  6:29  Gateway  
  58  6:31  Gateway  
  58  6:32  Assimilator  
  59  6:33  Pylon  
  59  6:35  Assimilator  
  59  6:37  Protoss Ground Weapons Level 1 (Chrono Boost), Probe  
  59  6:38  Stalker  
  62  6:46  Observer  
  62  6:51  Probe x2  
  65  6:56  Stalker  
  65  6:58  Nexus  
  67  7:03  Probe  
  67  7:04  Pylon  
  67  7:07  Stalker  
  70  7:22  Probe x2, Stalker, Observer  
  75  7:26  Pylon  
  75  7:27  Stalker  
  75  7:29  Pylon  
  79  7:44  Probe x2  
  79  7:48  Gateway  
  79  7:50  Gateway  
  77  8:07  Stalker x4  
  77  8:09  Immortal (Chrono Boost)  
  77  8:10  Shield Battery  
  77  8:12  Shield Battery  
  82  8:31  Stalker x4  
  84  8:45  Stalker  
  84  8:46  Stalker  
  86  8:54  Immortal (Chrono Boost)  
  89  9:08  Stalker x3  
  95  9:19  Archon  
  95  9:20  Archon  
  95  9:21  Archon x2  
  89  9:25  Stalker x3  
  95  9:35  Stalker x3  
  101  9:39  Probe  
  101  9:41  Pylon  
  102  9:49  Stalker x2  
  106  9:53  Probe  
  107  10:04  Probe (Chrono Boost)  
  106  10:09  Probe x2 (Chrono Boost)  
  106  10:11  Robotics Bay  
  108  10:16  Probe (Chrono Boost)  
  108  10:21  Probe x2 (Chrono Boost)  
  111  10:24  Probe (Chrono Boost)  
  111  10:26  Pylon, Probe x2 (Chrono Boost)  
  114  10:30  Probe  
  114  10:33  Pylon  
  114  10:34  Robotics Facility  
  114  10:35  Probe  
  116  10:37  Probe  
  117  10:43  Assimilator  
  117  10:44  Assimilator  
  117  10:49  Pylon  
  118  10:50  Probe x3  
  113  11:06  Stalker x4  
Show
View Real Time Build Order
Export as new Build Order

llllllllllll Protoss - Winner!

Build Orders: Archon Immortal, Mass Adepts 

Get SALT Encoding   

  12  0:00  Probe  
  13  0:12  Probe  
  14  0:17  Pylon  
  14  0:24  Probe (Chrono Boost)  
  15  0:36  Probe (Chrono Boost)  
  15  0:37  Gateway  
  16  0:44  Probe (Chrono Boost)  
  16  0:46  Assimilator  
  17  0:50  Probe  
  17  0:55  Assimilator  
  18  1:03  Probe (Chrono Boost)  
  19  1:07  Gateway  
  19  1:13  Probe (Chrono Boost)  
  19  1:18  Probe (Chrono Boost)  
  20  1:23  Cybernetics Core  
  21  1:29  Probe  
  22  1:34  Pylon  
  22  1:41  Probe  
  23  1:53  Probe  
  24  1:57  Warp Gate (Chrono Boost)  
  24  1:59  Adept  
  24  2:00  Adept  
  28  2:15  Pylon  
  28  2:28  Pylon  
  28  2:29  Adept  
  30  2:33  Adept  
  32  2:57  Nexus  
  31  3:02  Adept  
  31  3:03  Adept  
  31  3:05  Probe  
  36  3:14  Pylon  
  36  3:17  Probe  
  37  3:23  Robotics Facility  
  37  3:29  Probe  
  38  3:41  Adept x2, Probe  
  43  3:58  Probe (Chrono Boost)  
  43  4:01  Sentry  
  46  4:09  Probe (Chrono Boost)  
  47  4:11  Sentry, Observer  
  47  4:16  Probe (Chrono Boost)  
  51  4:18  Probe (Chrono Boost)  
  51  4:23  Probe x2 (Chrono Boost), Forge  
  54  4:34  Probe  
  54  4:35  Probe  
  54  4:37  Adept x2  
  53  4:47  Probe (Chrono Boost)  
  53  4:48  Probe (Chrono Boost)  
  52  5:00  Probe (Chrono Boost)  
  52  5:03  Protoss Ground Weapons Level 1 (Chrono Boost), Probe (Chrono Boost)  
  52  5:05  Probe (Chrono Boost)  
  53  5:10  Probe  
  53  5:13  Twilight Council  
  53  5:14  Probe  
  55  5:24  Probe (Chrono Boost)  
  55  5:26  Probe (Chrono Boost)  
  49  5:29  Stalker x2  
  49  5:31  Pylon  
  54  5:38  Probe (Chrono Boost)  
  54  5:40  Probe (Chrono Boost)  
  59  5:42  Immortal (Chrono Boost)  
  59  5:47  Probe  
  59  5:49  Shield Battery  
  58  5:56  Stalker, Sentry  
  60  5:57  Probe  
  60  5:59  Probe  
  62  6:04  Charge  
  62  6:07  Pylon  
  62  6:09  Probe  
  62  6:10  Pylon  
  63  6:18  Immortal (Chrono Boost)  
  64  6:26  Assimilator  
  64  6:27  Probe x2  
  64  6:28  Assimilator  
  64  6:30  Templar Archives  
  66  6:39  Probe x2  
  68  6:46  Nexus  
  68  6:47  Observer  
  68  6:57  Gateway x2  
  68  7:04  Protoss Ground Weapons Level 2 (Chrono Boost)  
  68  7:05  Immortal (Chrono Boost)  
  72  7:17  Zealot x2  
  72  7:19  Pylon  
  76  7:26  Gateway  
  76  7:30  Gateway  
  76  7:37  Warp Prism (Chrono Boost)  
  76  7:43  High Templar  
  76  7:44  High Templar  
  82  7:47  Probe x2  
  82  7:48  Archon  
  84  7:52  Shield Battery  
  84  7:53  Pylon  
  80  8:07  Pylon x2  
  80  8:08  Probe x2  
  82  8:21  High Templar  
  82  8:22  High Templar, Zealot x2  
  82  8:24  Probe  
  82  8:25  Probe  
  92  8:30  Gateway  
  92  8:33  Gateway  
  92  8:41  Archon  
  92  8:43  Zealot x3  
  92  8:45  Pylon  
  92  8:48  Pylon  
  94  9:00  Pylon  
  94  9:01  Pylon, Immortal (Chrono Boost)  
  94  9:03  Probe x3  
  94  9:09  Observer  
  101  9:11  High Templar x2  
  101  9:12  High Templar x2  
  101  9:15  Archon x2  
  105  9:28  Pylon, Probe x2  
  107  9:35  Zealot x2  
  107  9:37  Immortal (Chrono Boost)  
  111  9:44  Assimilator  
  111  9:45  Probe x3, Assimilator  
  117  10:00  Probe x2  
  117  10:01  Probe  
  112  10:07  Immortal  
  112  10:09  High Templar x2, Zealot x2  
  112  10:10  Zealot x4  
  128  10:16  Archon  
  132  10:23  Pylon  
  132  10:25  Pylon  
  132  10:33  Pylon  
  132  10:34  Stargate  
  132  10:39  Stargate, Observer  
  132  10:47  Nexus  
  133  10:56  Pylon  
  133  11:03  High Templar x2, Zealot x3  
  133  11:04  Zealot x3  
Tags
 
Add a new tag
Caveats
  • Supply blocks, unpowered buildings, or Contaminate may cause inaccurate times.
  • Supply counts are checked every 10 seconds.